 Dungeon Crawl Stone Soup version 0.18-a0-987-g0b0e4e7 (webtiles) character file.

24470 st0uf the Thrower (level 12, -31/105 HPs)
             Began as a Minotaur Fighter on Jan 3, 2016.
             Was the Champion of Okawaru.
             Annihilated by an enormous slime creature (56 damage)
             ... on level 11 of the Dungeon.
             The game lasted 01:44:09 (12359 turns).

st0uf the Thrower (Minotaur Fighter)               Turns: 12359, Time: 01:44:10

Health: -31/105    AC: 12    Str: 22    XL:     12   Next: 81%
Magic:  0/11       EV: 24    Int:  9    God:    Okawaru [******]
Gold:   71         SH: 20    Dex: 18    Spells: 0 memorised, 11 levels left

rFire  . . .     SeeInvis .     c - +2 scimitar (slice)
rCold  . . .     Gourm    .     L - +1 leather armour of Fox Zaaf {rPois Dex+2 Slay+5 Stlth+}
rNeg   . . .     Faith    .     z - +5 shield "Dieram" {-Cast MR+ Int+7}
rPois  +         Spirit   +     b - +0 hat {MR+}
rElec  +         Dismiss  .     (no cloak)
rCorr  +         Reflect  .     n - +2 pair of gloves
SustAt .         Harm     .     p - +0 pair of boots of Parlour Games {rElec rCorr Int-3 Dex+2}
MR     ++...     Rnd*Tele +     e - amulet of guardian spirit
Stlth  ++++...... NoCast   +    O - +2 ring of protection
                                U - ring of teleportation

@: heroism, very resistant to hostile enchantments, stealthy
A: retaliatory headbutt, horns 2
a: Heroism, Finesse, Renounce Religion, Evoke Teleportation


You were on level 11 of the Dungeon.
You worshipped Okawaru.
Okawaru was exalted by your worship.
You were hungry.

You visited 3 branches of the dungeon, and saw 14 of its levels.
You also visited: Sewer.

You collected 1409 gold pieces.
You spent 1338 gold pieces at shops.

Inventory:

Hand Weapons
 a - a +3 vampiric double sword
 c - a +2 scimitar of slicing (weapon)
 F - a +0 blowgun
Missiles
 h - 60 poisoned needles
 i - 2 steel javelins
 s - 3 throwing nets
 D - 27 tomahawks
 P - 5 tomahawks of returning (quivered)
 Z - 5 needles of paralysis
Armour
 b - a +0 hat of magic resistance (worn)
 m - a +0 hat
 n - a +2 pair of gloves (worn)
 p - the +0 pair of boots of Parlour Games (worn) {rElec rCorr Int-3 Dex+2}
   (You bought it in a shop on level 2 of the Orcish Mines)

   It affects your intelligence (-3).
   It affects your dexterity (+2).
   It insulates you from electricity.
   It protects you from acid and corrosion.
 u - the +3 scale mail of Ymposyic {Str+2 Dex+5}
   (Okawaru gifted it to you on level 2 of the Orcish Mines)

   It affects your strength (+2).
   It affects your dexterity (+5).
 z - the +5 shield "Dieram" (worn) {-Cast MR+ Int+7}
   (Okawaru gifted it to you on level 2 of the Orcish Mines)

   It affects your intelligence (+7).
   It affects your resistance to hostile enchantments.
   It prevents spellcasting.
 L - the +1 leather armour of Fox Zaaf (worn) {rPois Dex+2 Slay+5 Stlth+}
   (You took it off a kobold on level 7 of the Dungeon)

   It affects your dexterity (+2).
   It affects your accuracy and damage with ranged weapons and melee attacks
   (+5).
   It protects you from poison.
   It makes you more stealthy.
 Y - the +4 large shield of Greed {rC- MR- Str+8 SInv}
   (You found it on level 10 of the Dungeon)

   It affects your strength (+8).
   It makes you vulnerable to cold.
   It affects your resistance to hostile enchantments.
   It lets you see invisible.
Jewellery
 e - an amulet of guardian spirit (around neck)
 l - an uncursed ring of stealth
 t - an uncursed amulet of resist corrosion
 O - a +2 ring of protection (right hand)
 U - a ring of teleportation (left hand)
 V - an uncursed ring of poison resistance
Wands
 S - a wand of fire (11/15)
 X - a wand of frost (27/48)
Scrolls
 g - 3 scrolls of identify
 j - 2 scrolls of enchant weapon
 o - 4 scrolls of recharging
 r - a scroll of immolation
 v - a scroll of blinking
 w - a scroll of fog
 y - 3 scrolls of summoning
 A - 2 scrolls of amnesia
 B - 4 scrolls of remove curse
 G - a scroll of teleportation
Potions
 d - 4 potions of might
 k - 7 potions of curing
 q - 3 potions of heal wounds
 E - a potion of brilliance
 I - 4 potions of agility
 N - a potion of ambrosia
 Q - a potion of lignification
Books
 M - a book of Death

   Spells                             Type                      Level
   a - Corpse Rot                     Necromancy                   2
   b - Sublimation of Blood           Necromancy                   2
   c - Agony                          Necromancy                   5
   d - Dispel Undead                  Necromancy                   5
   e - Excruciating Wounds            Charms/Necromancy            5
   f - Bolt of Draining               Conjuration/Necromancy       5
Comestibles
 f - 13 bread rations
 x - 3 meat rations
 C - 4 beef jerkies
 H - 9 chunks of flesh
 J - 9 fruits
 K - 6 slices of pizza


   Skills:
 + Level 9.4(14.4) Fighting
 + Level 10.7(15.7) Long Blades
 * Level 12.0(17.0) Throwing
 + Level 8.0(13.0) Armour
 + Level 9.8(14.8) Dodging
 + Level 11.6(16.6) Shields
 + Level 0.6 Invocations


You had 11 spell levels left.
You didn't know any spells.

Dungeon Overview and Level Annotations

Branches:
Dungeon (11/15)            Temple (1/1) D:4            Lair (0/8) D:11
    Orc (2/2) D:10            Elf (0/3) Orc:2

Altars:
Ashenzari
Cheibriados
Dithmenos
Elyvilon
Fedhas
Gozag
Kikubaaqudgha
Makhleb
Nemelex Xobeh
Okawaru
Pakellas
Qazlal
Ru
Sif Muna
Trog
Vehumet
Xom
Yredelemnul
Zin
The Shining One

Shops:
D:4 (   Orc:1 }   Orc:2 *=?*


Innate Abilities, Weirdness & Mutations

You reflexively headbutt those who attack you in melee.
You have a pair of horns on your head.


Message History

Your headbutt misses the enormous slime creature.
The enormous slime creature is severely wounded.
You barely miss the enormous slime creature.
The enormous slime creature is severely wounded.
You block the enormous slime creature's attack.
You slash the enormous slime creature!
The enormous slime creature is severely wounded.
You block the enormous slime creature's attack.
You hit the enormous slime creature.
You headbutt the enormous slime creature.
The enormous slime creature is severely wounded.
You barely miss the enormous slime creature.
You headbutt the enormous slime creature.
The enormous slime creature is severely wounded.
You block the enormous slime creature's attack.
You slash the enormous slime creature!
The enormous slime creature is severely wounded.
The enormous slime creature hits you!!!
Ouch! That really hurt!
You die...

#### #. #..# ... #..##
... #...### #. #.#...# .
###. #.###.# ####### ..#
##... ##.# #.##
#..@JC###...# #..#. #..#
#..## #####........ .....
#.## ##..# #......#.#
..##. ###.# ##.#
#(##.###. ..... #...#
#.######........ .....
#.########.........####)#
.#.#.
..##........##.##### ..
#... .(##........##.# .
#... ..##........#..#
.....


You could see an enormous slime creature and a cyclops.

Vanquished Creatures
  Gastronok (Orc:2)
  An orc warlord (Orc:2)
  The ghost of Kilrog the Basher, a journeyman MiGl of Trog (Orc:2)
  The ghost of Chiseanne the Imperceptible, a journeyman SpAs of Gozag (Orc:2)
  4 ogre magi (Orc:2)
  An orc high priest (Orc:1)
  2 orc knights
  An ugly thing (D:10)
  2 cyclopes
  The ghost of Duffy the Destroyer, a novice DECj (D:6)
  13 two-headed ogres
  4 trolls
  2 slime creatures (D:11)
  3 yaks (D:9)
  A human (D:7)
  A hog (D:7)
  A hungry ghost (Orc:1)
  3 wyverns
  Eustachio (D:5)
  3 hippogriffs
  6 wargs
  A water moccasin (D:7)
  12 orc warriors
  31 ogres
  4 ice beasts
  6 sky beasts
  A wasp (D:11)
  5 phantoms
  A necrophage (D:6)
  3 centaurs
  4 big kobolds
  Blork the orc (D:6)
  6 giant frogs
  A scorpion (D:5)
  A water moccasin skeleton (D:8)
  4 killer bees (D:7)
  3 wights (D:6)
  A giant frog zombie (D:6)
  5 crimson imps
  A hound (D:7)
  6 orc priests
  11 orc wizards
  2 jellies
  2 giant frog skeletons
  A gnoll shaman (D:8)
  7 iguanas
  9 worker ants
  5 sheep
  12 adders
  10 gnolls
  3 river rats (Sewer)
  A shadow imp (D:5)
  2 oozes
  An adder zombie (D:8)
  An adder skeleton (D:9)
  3 worms
  4 giant geckos
  46 orcs
  7 ball pythons
  2 giant cockroaches
  8 goblins
  8 hobgoblins
  16 jackals
  57 kobolds
  2 quokkas
  A ball python skeleton (D:4)
  6 bats
  7 giant newts
  2 quokka skeletons
  30 rats
  3 plants (D:5)
419 creatures vanquished.

Vanquished Creatures (others)
  An orc wizard (D:7)
1 creature vanquished.

Grand Total: 420 creatures vanquished

Notes
Turn   | Place    | Note
--------------------------------------------------------------
     0 | D:1      | st0uf the Minotaur Fighter began the quest for the Orb.
     0 | D:1      | Reached XP level 1. HP: 19/19 MP: 0/0
   150 | D:1      | Reached XP level 2. HP: 20/27 MP: 1/1
   165 | D:1      | Reached skill level 4 in Armour
   544 | D:2      | Reached skill level 1 in Throwing
   586 | D:2      | Reached XP level 3. HP: 33/33 MP: 2/2
   806 | D:2      | Reached XP level 4. HP: 33/40 MP: 1/3
   852 | D:2      | Found a shimmering altar of Xom.
   854 | D:2      | Noticed an angel
   856 | D:2      | Found a glowing silver altar of Zin.
  1000 | D:2      | Found a glowing golden altar of the Shining One.
  1783 | D:3      | Found a shimmering altar of Xom.
  1807 | D:3      | Reached skill level 1 in Dodging
  1807 | D:3      | Reached XP level 5. HP: 45/47 MP: 4/4
  1868 | D:4      | Found Rawany's Weapon Shop.
  1928 | D:4      | Found a staircase to the Ecumenical Temple.
  1935 | Temple   | Entered the Ecumenical Temple
  2084 | Temple   | Became a worshipper of Warmaster Okawaru
  2764 | D:5      | Entered Level 5 of the Dungeon
  2860 | D:5      | Reached XP level 6. HP: 20/53 MP: 2/5
  2977 | D:5      | Found a stormy altar of Qazlal.
  3051 | D:5      | Reached skill level 5 in Armour
  3051 | D:5      | Reached skill level 5 in Shields
  3204 | D:5      | Reached * piety under Okawaru
  3204 | D:5      | Reached skill level 5 in Fighting
  3230 | D:5      | Reached XP level 7. HP: 45/61 MP: 4/6
  3265 | D:5      | Found a glowing drain.
  3276 | Sewer    | Entered a sewer
  4129 | D:5      | Noticed Eustachio
  4176 | D:5      | Killed Eustachio
  4255 | D:5      | Reached skill level 6 in Shields
  4327 | D:6      | Found an opulent altar of Gozag.
  4355 | D:6      | Reached ** piety under Okawaru
  4355 | D:6      | Reached XP level 8. HP: 67/69 MP: 7/7
  4575 | D:6      | Reached skill level 5 in Long Blades
  5027 | D:6      | Noticed Duffy's ghost (novice DECj)
  5044 | D:6      | Killed Duffy's ghost
  5044 | D:6      | Reached skill level 7 in Shields
  5089 | D:6      | Noticed Blork the orc
  5100 | D:6      | Killed Blork the orc
  5100 | D:6      | Reached *** piety under Okawaru
  5129 | D:6      | Reached skill level 5 in Throwing
  5213 | D:7      | Reached XP level 9. HP: 61/75 MP: 6/8
  6007 | D:7      | Reached **** piety under Okawaru
  6061 | D:7      | Reached skill level 5 in Dodging
  6106 | D:7      | Got a shimmering leather armour
  6107 | D:7      | Identified the cursed +1 leather armour of Fox Zaaf {rPois Dex+2 Slay+5 Stlth+} (You took it off a kobold on level 7 of the Dungeon)
  6253 | D:7      | Reached skill level 8 in Shields
  6462 | D:8      | Found a radiant altar of Vehumet.
  6659 | D:8      | Reached ***** piety under Okawaru
  6821 | D:8      | Reached XP level 10. HP: 76/86 MP: 6/9
  7086 | D:8      | Found a shadowy altar of Dithmenos.
  7269 | D:9      | Noticed a cyclops
  7277 | D:9      | Killed a cyclops
  7742 | D:9      | Found a blossoming altar of Fedhas.
  7743 | D:9      | Found a bloodstained altar of Trog.
  7841 | D:9      | Reached skill level 9 in Shields
  8152 | D:10     | Entered Level 10 of the Dungeon
  8361 | D:10     | Received a gift from Okawaru
  8554 | D:10     | Found a staircase to the Orcish Mines.
  8753 | D:10     | Got a spiked large shield
  8754 | D:10     | Identified the +4 large shield of Greed {rC- MR- Str+8 SInv} (You found it on level 10 of the Dungeon)
  8817 | Orc:1    | Entered Level 1 of the Orcish Mines
  8853 | Orc:2    | Entered Level 2 of the Orcish Mines
  8853 | Orc:2    | Noticed Kilrog's ghost (journeyman MiGl)
  9044 | Orc:2    | Killed Kilrog's ghost
  9044 | Orc:2    | Received a gift from Okawaru
  9044 | Orc:2    | Reached ****** piety under Okawaru
  9044 | Orc:2    | Received a gift from Okawaru
  9130 | Orc:2    | Noticed Chiseanne's ghost (journeyman SpAs)
  9287 | Orc:1    | Reached XP level 11. HP: 81/94 MP: 10/10
  9421 | Orc:2    | Killed Chiseanne's ghost
  9838 | Orc:2    | Noticed an orc high priest
  9855 | Orc:1    | Killed an orc high priest
  9855 | Orc:1    | Reached skill level 10 in Shields
  9919 | Orc:1    | Received a gift from Okawaru
 10098 | Orc:2    | Found a staircase to the Elven Halls.
 10118 | Orc:2    | Noticed an ogre mage
 10118 | Orc:2    | Noticed an ogre mage
 10125 | Orc:2    | Noticed an ogre mage
 10182 | Orc:2    | Received a gift from Okawaru
 10183 | Orc:2    | Got a bloodstained scale mail {god gift}
 10195 | Orc:2    | Killed an ogre mage
 10202 | Orc:2    | Identified the +3 scale mail of Ymposyic {Str+2 Dex+5} (Okawaru gifted it to you on level 2 of the Orcish Mines)
 10250 | Orc:2    | Noticed an orc knight
 10286 | Orc:2    | Killed an orc knight
 10325 | Orc:2    | Killed an ogre mage
 10325 | Orc:2    | Reached skill level 10 in Throwing
 10348 | Orc:2    | Killed an ogre mage
 10362 | Orc:2    | Noticed an ogre mage
 10388 | Orc:2    | Killed an ogre mage
 10388 | Orc:2    | Reached skill level 11 in Throwing
 10388 | Orc:2    | Reached XP level 12. HP: 54/103 MP: 2/11
 10511 | Orc:2    | Received a gift from Okawaru
 10512 | Orc:2    | Got a jewelled shield {god gift}
 10523 | Orc:2    | Identified the +5 shield "Dieram" {-Cast MR+ Int+7} (Okawaru gifted it to you on level 2 of the Orcish Mines)
 10555 | Orc:2    | Found Vakoquzika's Jewellery Shoppe.
 10555 | Orc:2    | Found Dilanuepn's Assorted Antiques.
 10559 | Orc:2    | Found Deetseb's Magic Scroll Shoppe.
 10559 | Orc:2    | Found Edigu's General Store.
 10569 | Orc:2    | Bought the cursed +0 pair of boots of Parlour Games {rElec rCorr Int-3 Dex+2} for 228 gold pieces
 10587 | Orc:2    | Bought a scroll of acquirement for 624 gold pieces
 10588 | Orc:2    | Bought a scroll labeled PIYTEZXOZU for 24 gold pieces
 11076 | Orc:1    | Found Xaose's Gadget Shoppe.
 11180 | Orc:1    | Noticed Gastronok
 11183 | Orc:1    | Noticed an orc warlord
 11196 | Orc:2    | Killed Gastronok
 11196 | Orc:2    | Reached skill level 10 in Long Blades
 11388 | Orc:2    | Killed an orc warlord
 11654 | Orc:2    | Bought a scroll of identify for 24 gold pieces
 11654 | Orc:2    | Bought a scroll of identify for 24 gold pieces
 11654 | Orc:2    | Bought 2 scrolls of summoning for 228 gold pieces
 11654 | Orc:2    | Bought a scroll of summoning for 114 gold pieces
 11654 | Orc:2    | Bought a scroll of remove curse for 36 gold pieces
 11654 | Orc:2    | Bought a scroll of remove curse for 36 gold pieces
 12233 | D:11     | Found a staircase to the Lair.
 12331 | D:11     | Reached skill level 12 in Throwing
 12359 | D:11     | Annihilated by an enormous slime creature

Vault maps used:
D:1:      erik_arrival_blinker_ship
D:2:      grunt_temple_overflow_order_and_chaos_1, tso_metal_star, first_bread,
          st_stairs_11
D:3:      led_xom_imps
D:4:      temple_fountains, serial_shops, shop, minmay_strange_pillars
D:5:      kennysheep_kobold_camp, portal_sewer_entry_d, grunt_qazlal_sundering,
          uniq_eustachio
D:6:      nicolae_gozag_cash_rules_everything_around_me, uniq_blork_the_orc
D:7:      grunt_livestock
D:8:      vehumet_crystals, nicolae_dithmenos_the_darkroom, kennysheep_dice
D:9:      grunt_temple_overflow_open
D:10:     orc_0_dummy
D:11:     dpeg_oklobed_lair
Temple:   chambers_temple_12
Orc:1:    serial_shops, shop_fountains, uniq_gastronok
Orc:2:    st_orc_ogre_mass
Sewer:    sewer_minmay_treatment

Action                   |  1- 3 |  4- 6 |  7- 9 | 10-12 || total
-------------------------+-------+-------+-------+-------++-------
Melee: Long sword        |    67 |   244 |   498 |   383 ||  1192
       Scimitar          |       |       |       |   170 ||   170
 Fire: Blowgun           |       |       |       |    82 ||    82
Throw: Tomahawk          |       |       |       |    51 ||    51
       Javelin           |       |       |       |     4 ||     4
Invok: Heroism           |       |       |       |     6 ||     6
  Use: Potion            |       |     1 |       |     5 ||     6
       Scroll            |       |       |     4 |    23 ||    27
 Stab: Sleeping          |       |       |     3 |    11 ||    14
       Paralysed         |       |       |       |     9 ||     9
       Distracted        |       |       |       |     4 ||     4
  Eat: Chunk             |       |     8 |    12 |    17 ||    37
       Pizza             |       |       |       |     1 ||     1
